AoeStats
← Buho_Metalero

Hideout

509938483Analyzed
1v1 RM · 2d ago on Sep 28, 2026· 36m 9s· 2 players
Game mode
Random Map
Map size
Tiny (2 player)
Population
200
Speed
Normal
Resources
Standard
Victory
Conquest
Starting age
Dark Age
Ending age
Imperial Age
RankedLock teamsTeams togetherTeam positionsShared explorationLock speedFull tech treeHidden civsTurbo modeCheats
Victory
Defeat
🇨🇱 Slavs · Chile
1380
+13
🇧🇩 Saracens · Bangladesh
1311
-13
Roy7
8:30 Feudal Age
14:24 Loom
15:08 Fletching
16:23 Town Watch
21:02 Padded Archer Armor
24:21 Castle Age
23:30 Gold Mining
24:00 Double-Bit Axe
24:36 Crossbowman
30:10 Ballistics
Buho_Metalero
8:19 Loom
10:08 Feudal Age
10:30 Man-at-Arms
15:13 Fletching
18:32 Wheelbarrow
22:31 Castle Age
21:15 Double-Bit Axe
21:42 Gold Mining
21:43 Stone Mining
23:08 Bodkin Arrow
24:53 Guard Tower
26:28 Horse Collar
30:52 Ballistics
30:47 Heavy Plow
35:28 Imperial Age
35:52 Scale Barding Armor
Connection lost

Rejoining the realm…

Still unreachable

The connection could not be restored.

Session expired

The server has moved on; the page needs a fresh start.